 Dungeon Crawl Stone Soup version 0.30-a0-414-gcb316572d5 (webtiles) character file.

Game seed: 8751418794450359803

122 lunkers the Cutter (level 5, -2/41 HPs)
             Began as a Meteoran Gladiator on Dec 7, 2022.
             Slain by Sigmund
             ... wielding a +0 scythe
              (7 damage)
             ... on level 3 of the Dungeon.
             The game lasted 00:03:26 (1421 turns).

lunkers the Cutter (Meteoran Gladiator)             Turns: 1421, Time: 00:03:27

Health: -2/41      AC:  5    Str: 16 (18) XL:     5   Next: 53%
Magic:  6/6        EV: 13    Int:  8 (9)  God:
Gold:   110        SH:  0    Dex: 12 (15) Spells: 4/4 levels left

rFire   . . .      SeeInvis .    a - +0 rapier
rCold   . . .      Faith    .    (no shield)
rNeg    . . .      Spirit   .    r - +2 robe {Will+}
rPois   .          Reflect  .    c - +0 helmet
rElec   .          Harm     .    (no cloak)
rCorr   .          Rampage  .    (no gloves)
Will    +....                    (no boots)
Stlth   +.........               (no amulet)
HPRegen 0.26/turn                (no ring)
MPRegen 0.10/turn                (no ring)

@: glowing, invisible (but backlit and visible)
A: sense surroundings 1, otherworldly, glowing, explore regen
a: no special abilities


You were on level 3 of the Dungeon.
You visited 1 branch of the dungeon, and saw 3 of its levels.

You collected 110 gold pieces.

Inventory:

Hand Weapons
 a - a +0 rapier (weapon)
Missiles
 d - 3 throwing nets
 e - a javelin
Armour
 b - a +0 leather armour
 c - a +0 helmet (worn)
 i - a +0 ring mail
 r - a +2 robe of willpower (worn)
Scrolls
 h - a scroll of amnesia {unknown}
 m - a scroll of teleportation {unknown}
 n - a scroll of immolation {unknown}
 o - a scroll of silence {unknown}
 p - a scroll of vulnerability {unknown}
Potions
 f - 2 potions of invisibility
 g - a potion of resistance {unknown}
 j - a potion of ambrosia {unknown}
 k - a potion of degeneration
 l - 2 potions of flight {unknown}
 q - a potion of heal wounds {unknown}
 s - a potion of curing {unknown}


   Skills:
 - Level 2.1 Fighting
 + Level 6.1 Short Blades
 - Level 2.4 Throwing
 - Level 3.6 Dodging


You had 4 spell levels left.
You didn't know any spells.
Your spell library contained the following spells:

 Spells                   Type           Power      Damage    Failure   Level
 Apportation              Tloc           0%         N/A       41%         1
 Necrotise                Necr           0%         1d4       41%         1
 Summon Small Mammal      Summ           0%         N/A       41%         1
 Dazzling Flash           Conj/Hex       0%         N/A       78%         3
 Inner Flame              Hex/Fire       0%         N/A       78%         3
 Flame Wave               Conj/Fire      0%         2d4       99%         4
 Sticky Flame             Conj/Fire      0%         2d3       99%         4
 Agony                    Necr           0%         N/A       100%        5
 Silence                  Hex/Air        0%         N/A       100%        5


Dungeon Overview and Level Annotations

Branches:
Dungeon (3/15) Zot: 385

Altars:
Fedhas

Annotations:
D:3 Sigmund


Innate Abilities, Weirdness & Mutations

You passively map a small area around you.
You are easily found by Zot.
You glow in the dark.
You regain HP and MP as you explore.


Message History

You hit the scorpion but do no damage.
The scorpion is lightly wounded.
The scorpion stings you but does no damage.
Something hits you but does no damage.
You hit the scorpion.
The scorpion is lightly wounded.
The scorpion misses you.
You hit the scorpion.
The scorpion is moderately wounded.
The scorpion completely misses you.
You hear a zap.
The roots erupt in riotous growth!
The scorpion is unaffected.
The grasping roots grab you!
You are constricted.
* * * LOW HITPOINT WARNING * * *
You hear an angry hiss.
You closely miss the scorpion.
The scorpion is moderately wounded.
The scorpion barely misses you. Something hits you but does no damage.
You are constricted.
* * * LOW HITPOINT WARNING * * *
You hit the scorpion.
The scorpion is moderately wounded.
The scorpion stings you.
* * * LOW HITPOINT WARNING * * *
The scorpion stings you.
* * * LOW HITPOINT WARNING * * *
You barely miss the scorpion.
The scorpion is moderately wounded.
Something hits you but does no damage.
You are constricted.
* * * LOW HITPOINT WARNING * * *
The scorpion closely misses you.
The grasping roots release their grip on you.
You hit the scorpion but do no damage.
The scorpion is moderately wounded.
The scorpion closely misses you.
You hit the scorpion.
The scorpion is moderately wounded.
Something hits you!
You die...

##..##.#######.# ##
##..##.......#.# .####
#...########.#.# ....##
#..## #.#.# ###..# #..#
#.#.# ####.# ##..# #####.#.#
...#.## #...# #.....#.#
...#..###### #.#.# #.#####.#
....)......# #)#@# #.#.....#
...........#
#.#s#####.#.#####
......<....###.#.{..##.#...#
.............#'####.##.###.#
##########..........##.# #.#
* #...>...J..##.###.#
*#.....@[..###.....# , ,
#...(...s.# ####### *
#.........#####


You could see a scorpion.

Vanquished Creatures
  Jessica (D:3)
  4 adders
  2 worms
  A dart slug (D:3)
  An orc (D:3)
  2 bats (D:3)
  9 endoplasms
  A giant cockroach (D:3)
  7 goblins
  5 hobgoblins
  3 jackals (D:1)
  2 quokkas
  A ball python (D:2)
  A frilled lizard (D:2)
  4 kobolds
  4 rats
48 creatures vanquished.

Notes
Turn   | Place    | Note
-------+----------+-------------------------------------------
     0 | D:1      | lunkers the Meteoran Gladiator began the quest for the Orb.
     0 | D:1      | Reached XP level 1. HP: 17/17 MP: 2/2
   101 | D:1      | Reached XP level 2. HP: 15/24 MP: 3/3
   139 | D:1      | Reached skill level 4 in Short Blades
   194 | D:1      | Reached XP level 3. HP: 18/29 MP: 4/4
   843 | D:2      | Reached XP level 4. HP: 36/36 MP: 5/5
   879 | D:2      | Reached skill level 5 in Short Blades
   993 | D:3      | Noticed Sigmund
  1177 | D:3      | Found a blossoming altar of Fedhas.
  1190 | D:3      | Noticed Jessica
  1198 | D:3      | Reached XP level 5. HP: 39/41 MP: 6/6
  1206 | D:3      | Killed Jessica
  1207 | D:3      | Reached skill level 6 in Short Blades
  1421 | D:3      | Slain by Sigmund

Illustrated notes

Levels and vault maps discovered:
D:1:      evilmike_arrival_rings, layout_basic
D:2:      layout_basic, nrook_uturn
D:3:      layout_basic, lemuel_round_altar, uniq_jessica, uniq_sigmund

Skill      XL: |  1  2  3  4  5 |
---------------+----------------+-----
Short Blades   | 4 5 6 |  6.1
Fighting       | |  2.1
Throwing       | |  2.4
Dodging        | |  3.6

Action                   |  1- 3 |  4- 6 || total
-------------------------+-------+-------++-------
Melee: Rapier            |    93 |   112 ||   205
       Punch             |     1 |     2 ||     3
  Use: Potion            |       |     2 ||     2
Armor: Leather armour    |    21 |       ||    21
       Ring mail         |    19 |    33 ||    52
       Robe              |       |     7 ||     7
Dodge: Dodged            |    36 |    59 ||    95

Table legend: (Time is in decaauts)
 A = Elapsed time spent in this place.
 B = Non-inter-level travel time spent in this place.
 C = Inter-level travel time spent in this place.
 D = Time resting spent in this place.
 E = Time spent auto-exploring this place.
 F = Levels seen in this place.
 G = Mean time per level.
                   A        B        C        D        E       F      G
               +--------+--------+--------+--------+--------+-----+--------+
         Total |   1413 |   1382 |     31 |      0 |    940 |   3 |  471.0 |
       Dungeon |   1413 |   1382 |     31 |      0 |    940 |   3 |  471.0 |
               +--------+--------+--------+--------+--------+-----+--------+

Top non-repeatable levels by time:
     D:3: 541 daAuts
     D:2: 519 daAuts
     D:1: 352 daAuts
